[ PARTIDA AOE2 · #505047997 ]
UnrankedWu vs Jurchens
Equipo rival · DERR
[ ANÁLISIS DE REPETICIÓN · EXTRAÍDO DE LA PARTIDA GRABADA ]
Feudal
9:40
Castillos
21:12
Imperial
—
| APM promedio | 53.0 |
| APM pico | 78 |
| eAPM promedio | 21.8 |
| Aldeanos / militares | 105 / 24 |
Foco
⚔️ 34.6% · 🌾 65.4%
Unknown (1944) ×30 · Monk ×8 · Fishing Ship ×8 · Archer ×6 · Unknown (2626) ×5 · Militia ×3
Feudal
12:42
Castillos
16:37
Imperial
—
| APM promedio | 60.8 |
| APM pico | 114 |
| eAPM promedio | 36.2 |
| Aldeanos / militares | 143 / 49 |
Foco
⚔️ 45.9% · 🌾 54.1%
Cavalry Archer ×28 · Monk ×8 · Fire Galley ×8 · Iron Pagoda ×5 · Fishing Ship ×5 · Unknown (2626) ×2
Mapa de la partida
Recursos iniciales + cada clic de construcción. Líneas = muros · curvas = relieve. ◆ oro · ⬟ piedra · ● bayas · ✦ reliquia · ◌ hueco del cierre
Tu base· ✓ Cerrada en 21:12 · 39t muro · 2 puerta(s)
Base de Mr Greed· Abierta — hueco de 3t
Terreno inicial suavizado · ◌ = hueco del cierre detectado · pasá el cursor para detalles
Inputs por minuto
— Gabi - - Mr Greed
Build order — Gabi
Primeras 150 de 294 acciones detectadas
| 0:01 | Crear | Villager (Male) |
| 0:01 | Crear | Villager (Male) |
| 0:02 | Construir | House |
| 0:04 | Construir | House |
| 0:40 | Crear | Villager (Male) |
| 0:55 | Construir | Lumber Camp |
| 1:06 | Crear | Villager (Male) |
| 1:36 | Crear | Villager (Male) |
| 1:58 | Crear | Villager (Male) |
| 2:26 | Crear | Villager (Male) |
| 2:58 | Crear | Villager (Male) |
| 3:06 | Construir | Dock |
| 3:12 | Construir | Palisade Wall |
| 3:13 | Construir | Palisade Wall |
| 3:20 | Investigar | Loom |
| 3:43 | Crear | Villager (Male) |
| 3:52 | Crear | Fishing Ship |
| 4:06 | Crear | Villager (Male) |
| 4:34 | Crear | Villager (Male) |
| 4:41 | Crear | Fishing Ship |
| 4:44 | Crear | Villager (Male) |
| 5:18 | Crear | Fishing Ship |
| 5:20 | Crear | Villager (Male) |
| 5:26 | Crear | Villager (Male) |
| 5:48 | Crear | Villager (Male) |
| 5:54 | Crear | Fishing Ship |
| 6:35 | Crear | Villager (Male) |
| 6:37 | Crear | Fishing Ship |
| 7:04 | Construir | House |
| 7:30 | Investigar | Feudal Age |
| 7:56 | Construir | Mining Camp |
| 8:39 | Construir | Barracks |
| 9:33 | Construir | Dock |
| 9:40 | Edad | Edad Feudal |
| 9:43 | Crear | Villager (Male) |
| 9:44 | Crear | Militia |
| 9:44 | Crear | Militia |
| 9:49 | Investigar | Double-Bit Axe |
| 10:07 | Crear | Villager (Male) |
| 10:11 | Crear | Transport Ship |
| 10:19 | Construir | House |
| 10:22 | Crear | Villager (Male) |
| 10:27 | Construir | House |
| 10:30 | Crear | Militia |
| 10:43 | Crear | Unit 2626 |
| 10:53 | Investigar | Man-at-Arms (upgrade) |
| 10:56 | Crear | Villager (Male) |
| 11:25 | Crear | Villager (Male) |
| 11:30 | Crear | Unit 2626 |
| 11:35 | Construir | Mining Camp |
| 11:43 | Crear | Villager (Male) |
| 11:45 | Crear | Fishing Ship |
| 11:46 | Crear | Fishing Ship |
| 11:51 | Construir | House |
| 12:28 | Construir | Archery Range |
| 12:31 | Crear | Villager (Male) |
| 12:56 | Crear | Villager (Male) |
| 13:18 | Crear | Archer |
| 13:21 | Construir | Watch Tower |
| 13:25 | Crear | Villager (Male) |
| 13:30 | Construir | Blacksmith |
| 13:32 | Construir | House |
| 13:35 | Crear | Archer |
| 13:38 | Crear | Unit 2626 |
| 13:38 | Crear | Unit 2626 |
| 13:49 | Crear | Villager (Male) |
| 14:00 | Crear | Villager (Male) |
| 14:03 | Crear | Archer |
| 14:29 | Investigar | Fletching |
| 14:32 | Crear | Villager (Male) |
| 14:42 | Crear | Villager (Male) |
| 14:58 | Crear | Villager (Male) |
| 15:04 | Crear | Unit 2626 |
| 15:10 | Crear | Villager (Male) |
| 15:14 | Construir | Mill |
| 15:35 | Crear | Archer |
| 15:36 | Crear | Villager (Male) |
| 15:43 | Construir | Market |
| 15:52 | Crear | Villager (Male) |
| 16:16 | Crear | Archer |
| 16:18 | Crear | Villager (Male) |
| 16:19 | Construir | House |
| 16:21 | Construir | Dock |
| 16:33 | Crear | Villager (Male) |
| 16:39 | Construir | Watch Tower |
| 17:02 | Construir | Outpost |
| 17:04 | Construir | Outpost |
| 17:14 | Construir | Dock |
| 17:27 | Construir | Palisade Wall |
| 17:35 | Construir | House |
| 17:42 | Crear | Archer |
| 17:50 | Construir | Stable |
| 18:32 | Investigar | Castle Age |
| 18:45 | Construir | Outpost |
| 18:49 | Construir | Lumber Camp |
| 18:53 | Construir | House |
| 19:05 | Construir | Watch Tower |
| 19:16 | Construir | Outpost |
| 19:20 | Construir | Palisade Wall |
| 19:24 | Construir | Outpost |
| 19:29 | Investigar | Scale Barding Armor |
| 19:31 | Construir | House |
| 19:39 | Construir | Stone Wall |
| 19:41 | Construir | Gate |
| 19:42 | Construir | Stone Wall |
| 19:57 | Construir | Dock |
| 19:59 | Crear | Fishing Ship |
| 20:20 | Construir | Gate |
| 20:24 | Construir | Stone Wall |
| 20:45 | Construir | House |
| 20:53 | Construir | Dock |
| 20:58 | Construir | Palisade Wall |
| 20:59 | Construir | Palisade Wall |
| 21:00 | Construir | Palisade Wall |
| 21:00 | Construir | Palisade Wall |
| 21:06 | Construir | House |
| 21:12 | Edad | Edad de los Castillos |
| 21:14 | Crear | Villager (Male) |
| 21:18 | Crear | Unit 1944 |
| 21:19 | Crear | Unit 1944 |
| 21:22 | Investigar | Chain Barding Armor |
| 21:30 | Construir | Monastery |
| 21:31 | Crear | Villager (Male) |
| 21:41 | Investigar | Bow Saw |
| 21:43 | Crear | Villager (Male) |
| 21:56 | Crear | Unit 1944 |
| 22:01 | Crear | Villager (Male) |
| 22:04 | Construir | Town Center |
| 22:14 | Construir | House |
| 22:26 | Construir | House |
| 22:32 | Investigar | Horse Collar |
| 22:35 | Crear | Villager (Male) |
| 22:50 | Construir | Mill |
| 23:00 | Crear | Villager (Male) |
| 23:02 | Crear | Villager (Male) |
| 23:08 | Crear | Villager (Male) |
| 23:10 | Construir | Farm |
| 23:11 | Construir | Farm |
| 23:13 | Construir | Farm |
| 23:21 | Crear | Villager (Male) |
| 23:26 | Crear | Monk |
| 23:29 | Crear | Villager (Male) |
| 23:39 | Crear | Villager (Male) |
| 23:41 | Construir | Farm |
| 23:44 | Construir | Outpost |
| 23:53 | Construir | Farm |
| 24:13 | Construir | Siege Workshop |
| 24:17 | Investigar | Husbandry |
| 24:17 | Investigar | Husbandry |
| 24:18 | Crear | Villager (Male) |
Build order — Mr Greed
Primeras 150 de 320 acciones detectadas
| 0:00 | Crear | Villager (Male) |
| 0:00 | Crear | Villager (Male) |
| 0:01 | Crear | Villager (Male) |
| 0:02 | Construir | House |
| 0:17 | Crear | Villager (Male) |
| 0:17 | Crear | Villager (Male) |
| 1:08 | Crear | Villager (Male) |
| 1:08 | Crear | Villager (Male) |
| 1:40 | Crear | Villager (Male) |
| 1:40 | Crear | Villager (Male) |
| 1:47 | Construir | Lumber Camp |
| 1:56 | Crear | Villager (Male) |
| 2:29 | Crear | Villager (Male) |
| 3:05 | Crear | Villager (Male) |
| 3:40 | Crear | Villager (Male) |
| 3:41 | Crear | Villager (Male) |
| 3:56 | Crear | Villager (Male) |
| 3:57 | Crear | Villager (Male) |
| 4:17 | Crear | Villager (Male) |
| 4:17 | Crear | Villager (Male) |
| 4:30 | Construir | Dock |
| 4:35 | Crear | Villager (Male) |
| 4:35 | Crear | Villager (Male) |
| 5:08 | Construir | House |
| 5:13 | Crear | Fishing Ship |
| 5:14 | Crear | Fishing Ship |
| 5:19 | Crear | Villager (Male) |
| 5:19 | Crear | Villager (Male) |
| 5:49 | Crear | Villager (Male) |
| 5:49 | Crear | Villager (Male) |
| 5:49 | Crear | Villager (Male) |
| 5:53 | Construir | Palisade Wall |
| 6:11 | Crear | Fishing Ship |
| 6:38 | Construir | Palisade Gate |
| 6:40 | Construir | Palisade Gate |
| 6:46 | Crear | Villager (Male) |
| 7:04 | Crear | Villager (Male) |
| 7:10 | Construir | House |
| 7:25 | Crear | Fishing Ship |
| 7:31 | Crear | Villager (Male) |
| 7:51 | Crear | Villager (Male) |
| 8:02 | Crear | Villager (Male) |
| 8:13 | Construir | House |
| 8:16 | Crear | Fishing Ship |
| 8:32 | Construir | Palisade Wall |
| 8:40 | Crear | Villager (Male) |
| 9:02 | Construir | Mill |
| 9:11 | Construir | House |
| 9:13 | Construir | Palisade Wall |
| 9:17 | Crear | Villager (Male) |
| 9:38 | Crear | Villager (Male) |
| 9:51 | Construir | Mining Camp |
| 10:01 | Investigar | Loom |
| 10:01 | Investigar | Feudal Age |
| 11:03 | Construir | House |
| 11:04 | Construir | Palisade Wall |
| 11:23 | Construir | Barracks |
| 11:28 | Crear | Villager (Male) |
| 11:34 | Crear | Villager (Male) |
| 12:26 | Construir | Palisade Wall |
| 12:27 | Construir | Palisade Wall |
| 12:29 | Construir | Palisade Wall |
| 12:31 | Construir | Palisade Wall |
| 12:42 | Edad | Edad Feudal |
| 12:43 | Construir | House |
| 12:46 | Crear | Villager (Male) |
| 12:46 | Crear | Villager (Male) |
| 12:48 | Construir | Archery Range |
| 12:51 | Construir | Blacksmith |
| 13:07 | Construir | House |
| 13:08 | Crear | Unit 2626 |
| 13:15 | Investigar | Double-Bit Axe |
| 13:18 | Crear | Villager (Male) |
| 13:33 | Crear | Villager (Male) |
| 13:45 | Construir | House |
| 13:52 | Investigar | Castle Age |
| 14:00 | Construir | Outpost |
| 14:03 | Construir | House |
| 14:14 | Construir | Watch Tower |
| 14:23 | Crear | Villager (Male) |
| 14:27 | Crear | Unit 2626 |
| 14:43 | Crear | Villager (Male) |
| 14:47 | Construir | House |
| 15:11 | Construir | Stone Wall |
| 15:25 | Construir | Palisade Gate |
| 15:28 | Construir | Palisade Gate |
| 15:31 | Construir | House |
| 16:02 | Construir | House |
| 16:19 | Investigar | Fletching |
| 16:19 | Investigar | Fletching |
| 16:34 | Construir | Market |
| 16:37 | Edad | Edad de los Castillos |
| 16:40 | Crear | Villager (Male) |
| 16:58 | Construir | Siege Workshop |
| 17:01 | Crear | Villager (Male) |
| 17:04 | Investigar | Bow Saw |
| 17:04 | Investigar | Bow Saw |
| 17:23 | Crear | Villager (Male) |
| 17:47 | Construir | Town Center |
| 17:50 | Crear | Villager (Male) |
| 17:58 | Crear | Cavalry Archer |
| 18:10 | Construir | Stone Wall |
| 18:35 | Construir | Farm |
| 18:36 | Construir | Farm |
| 18:37 | Construir | Farm |
| 18:40 | Construir | Farm |
| 18:43 | Crear | Villager (Male) |
| 18:44 | Crear | Villager (Male) |
| 18:53 | Construir | House |
| 19:00 | Crear | Villager (Male) |
| 19:00 | Crear | Villager (Male) |
| 19:04 | Construir | Farm |
| 19:05 | Construir | Farm |
| 19:20 | Crear | Villager (Male) |
| 19:20 | Crear | Villager (Male) |
| 19:35 | Construir | Lumber Camp |
| 19:39 | Construir | Lumber Camp |
| 19:51 | Crear | Villager (Male) |
| 19:51 | Crear | Villager (Male) |
| 20:11 | Crear | Villager (Male) |
| 20:11 | Crear | Villager (Male) |
| 20:11 | Crear | Villager (Male) |
| 20:25 | Crear | Cavalry Archer |
| 20:26 | Crear | Villager (Male) |
| 20:47 | Crear | Villager (Male) |
| 20:54 | Crear | Iron Pagoda |
| 20:54 | Crear | Iron Pagoda |
| 21:04 | Construir | Farm |
| 21:05 | Construir | Farm |
| 21:09 | Construir | Farm |
| 21:10 | Construir | Farm |
| 21:11 | Crear | Villager (Male) |
| 21:11 | Crear | Villager (Male) |
| 21:29 | Construir | Stone Wall |
| 21:34 | Crear | Villager (Male) |
| 21:34 | Crear | Villager (Male) |
| 21:52 | Construir | Farm |
| 21:53 | Construir | Farm |
| 21:55 | Construir | Farm |
| 21:56 | Crear | Cavalry Archer |
| 21:56 | Crear | Cavalry Archer |
| 21:57 | Crear | Cavalry Archer |
| 22:00 | Crear | Villager (Male) |
| 22:00 | Crear | Villager (Male) |
| 22:15 | Crear | Villager (Male) |
| 22:15 | Crear | Villager (Male) |
| 22:20 | Construir | Farm |
| 22:28 | Crear | Villager (Male) |
| 22:40 | Crear | Cavalry Archer |
| 22:41 | Crear | Villager (Male) |
Cronología de la partida
| 3:06 | Gabi · first_building Dock |
| 3:12 | Gabi · wall_segment Palisade Wall x1 |
| 3:13 | Gabi · wall_segment Palisade Wall x1 |
| 4:30 | Mr Greed · first_building Dock |
| 5:53 | Mr Greed · wall_segment Palisade Wall x7 |
| 8:32 | Mr Greed · wall_segment Palisade Wall x2 |
| 8:39 | Gabi · first_building Barracks |
| 9:13 | Mr Greed · wall_segment Palisade Wall x4 |
| 9:40 | Gabi · age_up feudal |
| 11:04 | Mr Greed · wall_segment Palisade Wall x3 |
| 11:23 | Mr Greed · first_building Barracks |
| 12:26 | Mr Greed · wall_segment Palisade Wall x1 |
| 12:27 | Mr Greed · wall_segment Palisade Wall x1 |
| 12:28 | Gabi · first_building Archery Range |
| 12:29 | Mr Greed · wall_segment Palisade Wall x1 |
| 12:31 | Mr Greed · wall_segment Palisade Wall x1 |
| 12:42 | Mr Greed · age_up feudal |
| 12:48 | Mr Greed · first_building Archery Range |
| 15:11 | Mr Greed · wall_segment Stone Wall x5 |
| 16:37 | Mr Greed · age_up castle |
| 16:58 | Mr Greed · first_building Siege Workshop |
| 17:27 | Gabi · wall_segment Palisade Wall x12 |
| 17:42 | Mr Greed · first_market_sell 100 food |
| 17:43 | Mr Greed · first_market_buy 100 stone |
| 17:50 | Gabi · first_building Stable |
| 17:58 | Gabi · first_market_sell 100 wood |
| 18:10 | Mr Greed · wall_segment Stone Wall x3 |
| 19:20 | Gabi · wall_segment Palisade Wall x5 |
| 19:39 | Gabi · wall_segment Stone Wall x4 |
| 19:42 | Gabi · wall_segment Stone Wall x9 |
| 20:24 | Gabi · wall_segment Stone Wall x3 |
| 20:58 | Gabi · wall_segment Palisade Wall x1 |
| 20:59 | Gabi · wall_segment Palisade Wall x1 |
| 21:00 | Gabi · wall_segment Palisade Wall x1 |
| 21:00 | Gabi · wall_segment Palisade Wall x1 |
| 21:12 | Gabi · age_up castle |
| 21:29 | Mr Greed · wall_segment Stone Wall x5 |
| 21:30 | Gabi · first_building Monastery |
| 21:40 | Gabi · first_market_buy 100 wood |
| 24:05 | Mr Greed · wall_segment Palisade Wall x2 |
| 24:08 | Mr Greed · wall_segment Palisade Wall x2 |
| 24:13 | Gabi · first_building Siege Workshop |
| 24:14 | Mr Greed · first_building Monastery |
| 25:06 | Mr Greed · wall_segment Stone Wall x4 |
| 28:15 | Mr Greed · first_building Stable |
| 31:16 | Mr Greed · wall_segment Stone Wall x1 |
| 31:20 | Mr Greed · wall_segment Stone Wall x1 |
| 31:28 | Mr Greed · wall_segment Stone Wall x1 |
| 31:31 | Mr Greed · wall_segment Stone Wall x1 |
| 31:33 | Mr Greed · wall_segment Stone Wall x1 |
| 31:34 | Mr Greed · wall_segment Stone Wall x1 |
| 31:37 | Mr Greed · wall_segment Stone Wall x1 |
| 31:46 | Mr Greed · wall_segment Stone Wall x2 |
| 31:58 | Mr Greed · wall_segment Palisade Wall x1 |
| 33:38 | Gabi · first_building Castle |
| 34:06 | Mr Greed · first_building Castle |
| 34:09 | Mr Greed · wall_segment Stone Wall x1 |
| 34:10 | Mr Greed · wall_segment Stone Wall x2 |
| 34:31 | Mr Greed · resign |
[ ANÁLISIS IA · 1 CRÉDITO ]
¿Qué pasó realmente en esta partida?
Wolo.gg analiza cada decisión: build order, eco, micro, errores típicos por bracket. Análisis personalizado por WhatsApp o Discord en 30 segundos.
Guía civ
Wu
Perfil
Gabi